[Event "Titled Tuesday Blitz June 28 Late 2022"]
[White "Yaksin, Oleg"]
[Black "Jaskolka, Tomasz"]
[WhiteFideId "24105880"]
[BlackFideId "1170791"]
[WhiteElo "2256"]
[BlackElo "2073"]
[Result "1-0"]
[Round "09"]
[TimeControl "180+1"]
[Date "2022.06.29"]
[WhiteClock "0:00:03"]
[BlackClock "0:00:01"]

1. d4 Nf6 2. c4 e6 3. Nc3 Bb4 4. e3 O-O 5. Ne2 d5 6. a3 Be7 7. cxd5 Nxd5 8. e4 Nxc3 9. Nxc3 c5 10. d5 exd5 11. Nxd5 Nc6 12. Bc4 Be6 13. O-O Bf6 14. Be3 Bxb2 15. Rb1 Bd4 16. Rxb7 Na5 17. Bxd4 Nxb7 18. Ba1 Nd6 19. Ba2 Nxe4 20. Re1 Nd6 21. Qh5 Nf5 22. Rxe6 fxe6 23. Nf4 Nd4 24. Bxd4 Rxf4 25. Bxe6+ Kh8 26. Be5 Rf6 27. Bc4 Qe8 28. Qe2 Rd8 29. f4 Rf8 30. h3 Qd7 31. Kh2 Rfe8 32. Qe4 h6 33. Qg6 Qe7 34. Bd3 Kg8 35. Bc4+ Kf8 36. Qf5+ Qf6 37. Bxf6 gxf6 38. Qxf6# 1-0


[Site "https://www.chess.com"]

[Event "Titled Tuesday Blitz June 28 Late 2022"]
[White "Yoo, Christopher Woojin"]
[Black "Riehle, Marco"]
[WhiteFideId "30909694"]
[BlackFideId "12904392"]
[WhiteElo "2105"]
[BlackElo "2462"]
[Result "1-0"]
[Round "09"]
[TimeControl "180+1"]
[Date "2022.06.28"]
[WhiteClock "0:00:06"]
[BlackClock "0:00:34"]

1. e4 e5 2. Nf3 Nf6 3. Nc3 Nc6 4. a4 Bc5 5. Nxe5 O-O 6. Nf3 d5 7. e5 Ne4 8. d4 Bb4 9. Bd2 f6 10. Nxe4 dxe4 11. Bxb4 Nxb4 12. Nd2 Qxd4 13. c3 Nd3+ 14. Bxd3 Qxd3 15. Qe2 Bf5 16. exf6 Rxf6 17. Qxd3 exd3 18. O-O Re8 19. Rfe1 Rfe6 20. Kf1 Re2 21. Rxe2 Rxe2 22. Rd1 a6 23. f3 c5 24. b4 b6 25. Nc4 b5 26. axb5 axb5 27. Nd6 cxb4 28. cxb4 Bg6 29. Nxb5 Rb2 30. Nc3 Rxb4 31. Nd5 Rd4 32. Ne7+ Kf7 33. Nxg6 Kxg6 34. Kf2 Kf5 35. Ke3 Rh4 36. h3 Ra4 37. Rxd3 h5 38. Rd5+ Kg6 39. Rd6+ Kf5 40. Rd5+ Kg6 41. f4 Ra3+ 42. Kf2 Ra2+ 43. Kg3 Ra3+ 44. Kh4 Ra4 45. g3 Kf6 46. Rxh5 Ra8 47. Rb5 Rh8+ 48. Kg4 Ra8 49. h4 Ra1 50. Rb6+ Kf7 51. Kg5 Ra3 52. g4 Ra5+ 53. f5 Ra4 54. Rb7+ Kg8 55. Kh5 Kh7 56. f6 Kh8 57. Rxg7 Rf4 58. Rg6 Kh7 59. g5 Kh8 60. Rh6+ Kg8 61. Kg6 Rf3 62. f7+ Rxf7 63. Rh8+ Kxh8 64. Kxf7 Kh7 65. g6+ Kh6 66. g7 Kh5 67. g8=Q Kh6 68. Qg6# 1-0


[Site "https://www.chess.com"]

[Event "Titled Tuesday Blitz June 28 Late 2022"]
[White "Yuan, Qingyu"]
[Black "Gubajdullin, Alexei"]
[WhiteFideId "8609772"]
[BlackFideId "4141202"]
[WhiteElo "2359"]
[BlackElo "2280"]
[Result "1-0"]
[Round "09"]
[TimeControl "180+1"]
[Date "2022.06.28"]
[WhiteClock "0:00:17"]
[BlackClock "0:00:01"]

1. e4 g6 2. d4 Bg7 3. Nf3 d6 4. Bc4 Nf6 5. Qe2 O-O 6. e5 dxe5 7. dxe5 Nd5 8. O-O Bg4 9. h3 Bxf3 10. Qxf3 c6 11. Qe2 e6 12. Nd2 Nd7 13. Nf3 Qc7 14. Re1 a5 15. a4 h6 16. h4 Rfd8 17. Bd2 N7b6 18. Bd3 c5 19. b3 Nb4 20. Bxb4 cxb4 21. h5 g5 22. Qe4 Qe7 23. Nh2 Nd5 24. Qh7+ Kf8 25. Ng4 f5 26. Nxh6 Bxh6 27. Qxh6+ Kg8 28. Qg6+ Kh8 29. Qh6+ Kg8 30. Bc4 Nc7 31. g4 Rd4 32. gxf5 Rg4+ 33. Kf1 Rf8 34. Qg6+ Kh8 35. Qh6+ Kg8 36. f6 Qh7 37. Qg6+ Kh8 38. Bd3 Qxg6 39. hxg6 Rd8 40. Ke2 Kg8 41. Rh1 Rdd4 42. f7+ Kg7 43. Rh7+ Kf8 44. Rh8+ 1-0


[Site "https://www.chess.com"]

[Event "Titled Tuesday Blitz June 28 Late 2022"]
[White "Zhu, Jiner"]
[Black "Meunier-Pion, Jean"]
[WhiteFideId "8608059"]
[BlackFideId "20685327"]
[WhiteElo "2281"]
[BlackElo "2124"]
[Result "1-0"]
[Round "09"]
[TimeControl "180+1"]
[Date "2022.06.28"]
[WhiteClock "0:00:09"]
[BlackClock "0:00:01"]

1. e4 c5 2. Nf3 d6 3. d4 cxd4 4. Nxd4 Nf6 5. Nc3 a6 6. Be3 Ng4 7. Bc1 Nf6 8. f3 e6 9. Be3 b5 10. a3 Be7 11. Qd2 Bb7 12. O-O-O Nc6 13. g4 Nd7 14. Nxc6 Bxc6 15. Ne2 Ne5 16. Nd4 Qc7 17. Kb1 d5 18. Nxc6 Qxc6 19. exd5 exd5 20. Bg2 Nc4 21. Qd3 O-O 22. Bc1 Bf6 23. Qxd5 Nxa3+ 24. bxa3 Qc3 25. Qa2 b4 26. Bb2 Qc5 27. Qd5 Qb6 28. Qd6 Qb7 29. Bxf6 bxa3+ 30. Ka1 gxf6 31. Rb1 Qc8 32. Qxf6 Re8 33. Rhc1 Re2 34. Bf1 Rxh2 35. Bd3 Qd8 36. Qxd8+ Rxd8 37. Rh1 Rg2 38. Bxh7+ Kg7 39. Bd3 Rd2 40. Rhd1 Rf2 41. Rf1 Rg2 42. Rbd1 a2 43. Kxa2 Rc8 44. Kb2 Rc5 45. Be4 Ra5 46. Rd3 Rb5+ 47. Rb3 Rc5 48. Ra1 a5 49. Ra4 Rf2 50. Rba3 Rb5+ 51. Ka2 Rc5 52. Rxa5 Rc4 53. R3a4 Rc3 54. Kb2 Re3 55. Rg5+ Kf6 56. Rf5+ Kg7 57. Ra7 Re1 58. Rfxf7+ Kg8 59. Rg7+ Kh8 60. Rgb7 Rd2 61. Rb8+ 1-0


[Site "https://www.chess.com"]

[Event "Titled Tuesday Blitz June 28 Late 2022"]
[White "Adewumi, Tanitoluwa"]
[Black "Kostiukov, Alexandr"]
[WhiteFideId "30966396"]
[BlackFideId "14108100"]
[WhiteElo "2629"]
[BlackElo "2202"]
[Result "1-0"]
[Round "10"]
[TimeControl "180+1"]
[Date "2022.06.29"]
[WhiteClock "0:00:04"]
[BlackClock "0:00:22"]

1. d4 g6 2. e4 c5 3. c3 cxd4 4. cxd4 d5 5. e5 Bg7 6. Nf3 Bg4 7. Bb5+ Nc6 8. Bxc6+ bxc6 9. Nbd2 Nh6 10. h3 Bxf3 11. Nxf3 O-O 12. O-O f6 13. exf6 exf6 14. Bd2 Nf5 15. Bb4 Re8 16. Qc2 Rc8 17. Bc5 a5 18. Rae1 Rxe1 19. Rxe1 Nd6 20. Qe2 Ne4 21. Qa6 Nxc5 22. dxc5 Qc7 23. Nd4 Bf8 24. Re6 Qd7 25. Rxf6 Bxc5 26. Nxc6 Re8 27. Qxa5 Kg7 28. Qxc5 Kxf6 29. Qd4+ Kg5 30. Ne5 Qf5 31. h4+ Kh6 32. Ng4+ Kh5 33. Nf6+ Kh6 34. Qd2+ Kg7 35. Nxe8+ Kf7 36. Nd6+ Ke6 37. Nxf5 1-0


[Site "https://www.chess.com"]

[Event "Titled Tuesday Blitz June 28 Late 2022"]
[White "Ambartsumova, Karina"]
[Black "Goncalves, Davi Sulzbacher"]
[WhiteFideId "4166299"]
[BlackFideId "2154510"]
[WhiteElo "2262"]
[BlackElo "2107"]
[Result "0-1"]
[Round "10"]
[TimeControl "180+1"]
[Date "2022.06.28"]
[WhiteClock "0:00:05"]
[BlackClock "0:00:23"]

1. Nf3 Nf6 2. g3 c5 3. c4 d5 4. cxd5 Nxd5 5. Bg2 g6 6. Nc3 Nxc3 7. dxc3 Qxd1+ 8. Kxd1 Nc6 9. Be3 e5 10. Nd2 Bf5 11. h3 h5 12. Nb3 O-O-O+ 13. Kc1 c4 14. Nd2 Na5 15. Bxa7 Bh6 16. e3 Kc7 17. Bc5 Bd3 18. Be7 Rd7 19. Bb4 Nc6 20. Be4 Rhd8 21. Bxd3 cxd3 22. Ba3 f5 23. b4 b5 24. Bb2 f4 25. gxf4 exf4 26. Re1 Re8 27. e4 f3 28. a4 Ne5 29. Ra2 Nc4 30. Ba1 bxa4 31. Kd1 Bxd2 32. Rxd2 Kc6 33. Ra2 Kb5 34. Rg1 Rxe4 35. Rg5+ Re5 36. Rxe5+ Nxe5 37. Rd2 Nc4 38. Bb2 a3 39. Bxa3 Nxa3 40. Ra2 Ka4 41. b5 Kb3 42. Ra1 Kb2 43. Rxa3 Kxa3 44. b6 Kb3 45. c4 Kxc4 46. Kd2 Re7 47. b7 Re2+ 48. Kd1 Rb2 49. b8=Q Rxb8 50. Kd2 Kd4 51. Kc1 Kc3 52. Kd1 Rb1# 0-1


[Site "https://www.chess.com"]

[Event "Titled Tuesday Blitz June 28 Late 2022"]
[White "Andreikin, Dmitry"]
[Black "Kamsky, Gata"]
[WhiteFideId "4158814"]
[BlackFideId "2000024"]
[WhiteElo "2736"]
[BlackElo "2645"]
[Result "1-0"]
[Round "10"]
[TimeControl "180+1"]
[Date "2022.06.28"]
[WhiteClock "0:01:04"]
[BlackClock "0:00:04"]

1. d4 d5 2. c4 c6 3. Nf3 Nf6 4. Qc2 g6 5. cxd5 cxd5 6. Bf4 Nc6 7. e3 Nh5 8. Bg5 h6 9. Bh4 g5 10. Bg3 Nxg3 11. hxg3 e6 12. Nc3 Bg7 13. Bb5 Bd7 14. Bxc6 Bxc6 15. O-O-O Qd6 16. Kb1 a6 17. Rc1 Rc8 18. Na4 Qe7 19. Nc5 O-O 20. Ne5 Bb5 21. Ng4 Rfd8 22. Nxh6+ Kf8 23. Qh7 Qf6 24. Nxb7 Bxh6 25. Nxd8 Rxd8 26. Qxh6+ 1-0


[Site "https://www.chess.com"]

[Event "Titled Tuesday Blitz June 28 Late 2022"]
[White "Averjanov, Alexey"]
[Black "Kuzmin, Roman"]
[WhiteFideId "14109867"]
[BlackFideId "44134932"]
[WhiteElo "2647"]
[BlackElo "1968"]
[Result "1-0"]
[Round "10"]
[TimeControl "180+1"]
[Date "2022.06.29"]
[WhiteClock "0:00:19"]
[BlackClock "0:00:09"]

1. d4 d5 2. c4 e6 3. Nf3 Nf6 4. e3 c6 5. Nbd2 Nbd7 6. Bd3 Be7 7. O-O O-O 8. e4 dxe4 9. Nxe4 Nxe4 10. Bxe4 Nf6 11. Bc2 c5 12. b3 b6 13. Bb2 Bb7 14. Ne5 cxd4 15. Bxd4 Qc7 16. Qe2 Rfd8 17. Rad1 Rd6 18. Ng4 Qc6 19. Ne3 Rad8 20. Be5 Rxd1 21. Rxd1 Rxd1+ 22. Qxd1 Nd7 23. Bc3 b5 24. Qh5 f5 25. Qe8+ Bf8 26. Bd3 f4 27. Nd5 exd5 28. Bf5 Nc5 29. Qh5 g6 30. Qg5 d4 31. Bxd4 Ne6 32. Bxe6+ Qxe6 33. h4 Qe1+ 34. Kh2 Qe4 35. Bf6 h6 36. Qg4 Qf5 37. Qxf5 gxf5 38. cxb5 Kf7 39. Be5 Ke6 40. Bxf4 h5 41. f3 Bc5 42. Kh3 Bd5 43. Bb8 Bc6 44. bxc6 Bb6 45. c7 Kd7 46. g4 fxg4+ 47. fxg4 hxg4+ 48. Kxg4 Kc8 49. h5 Bd4 50. h6 a6 51. h7 a5 52. Kf5 a4 53. bxa4 Bc3 54. Kg6 Kb7 55. Kf7 Bd4 56. Kg8 Bc3 57. h8=Q Bd2 58. Qb2+ Ka8 59. Qxd2 Kb7 60. Qd5+ Kc8 61. Qe6+ Kb7 62. c8=Q+ Ka8 63. Qea6# 1-0


[Site "https://www.chess.com"]

[Event "Titled Tuesday Blitz June 28 Late 2022"]
[White "Barria Zuniga, Daniel"]
[Black "Rustemov, Alexander"]
[WhiteFideId "3400816"]
[BlackFideId "4119002"]
[WhiteElo "2414"]
[BlackElo "2736"]
[Result "1-0"]
[Round "10"]
[TimeControl "180+1"]
[Date "2022.06.28"]
[WhiteClock "0:00:14"]
[BlackClock "0:00:41"]

1. d4 f5 2. g3 Nf6 3. Bg2 g6 4. c4 Bg7 5. Nf3 O-O 6. O-O d6 7. b4 e5 8. e3 e4 9. Nfd2 Be6 10. Nc3 Nbd7 11. a4 c6 12. c5 d5 13. b5 g5 14. a5 a6 15. bxc6 bxc6 16. Qa4 Qc7 17. Ba3 f4 18. Rfb1 fxe3 19. fxe3 Ng4 20. Nd1 Ndf6 21. Rb6 Nxh2 22. Qxc6 Qxg3 23. Qxe6+ Kh8 24. Qh3 Qe1+ 25. Kxh2 Qxd2 26. c6 Rfc8 27. Be7 Rc7 28. Bd6 Rcc8 29. Be5 Qe2 30. Bxf6 Bxf6 31. Nc3 g4 32. Nxe2 gxh3 33. Bxh3 Rc7 34. Nc3 Rd8 35. Rg1 Be7 36. Be6 Bd6+ 37. Kh1 Rf8 38. Nxd5 Ra7 39. Rb7 Rxb7 40. cxb7 h5 41. Rg8+ Rxg8 42. Bxg8 Kxg8 43. Nb4 1-0


[Site "https://www.chess.com"]

[Event "Titled Tuesday Blitz June 28 Late 2022"]
[White "Berant"]
[Black "Dardha, Daniel"]
[BlackFideId "240990"]
[WhiteElo "2569"]
[BlackElo "2482"]
[Result "0-1"]
[Round "10"]
[TimeControl "180+1"]
[Date "2022.06.28"]
[WhiteClock "0:00:04"]
[BlackClock "0:01:25"]

1. e4 e5 2. d4 exd4 3. Qxd4 Nc6 4. Qe3 Nf6 5. Nc3 Bb4 6. Bd2 O-O 7. O-O-O Re8 8. Qg3 Rxe4 9. a3 Bd6 10. f4 Re8 11. Nf3 Bf8 12. Ng5 d5 13. Bd3 h6 14. h4 Ne7 15. Nf3 Bf5 16. Ne5 Qc8 17. Qf2 Bxd3 18. Nxd3 Ne4 19. Nxe4 dxe4 20. Ne5 f6 21. Nc4 Qe6 22. b3 Nd5 23. f5 Qa6 24. Rh3 b5 25. Ba5 bxc4 26. Rxd5 c6 27. Rd7 Qxa5 28. Rg3 Qe5 29. Kb1 e3 30. Qf3 e2 31. Rgxg7+ Bxg7 32. Rxg7+ Kxg7 33. Qg4+ Kh8 34. Qg6 e1=Q+ 35. Ka2 Q1a1# 0-1


[Site "https://www.chess.com"]

[Event "Titled Tuesday Blitz June 28 Late 2022"]
[White "Bluebaum, Matthias"]
[Black "Boruchovsky, Avital"]
[WhiteFideId "24651516"]
[BlackFideId "2800055"]
[WhiteElo "2556"]
[BlackElo "2466"]
[Result "0-1"]
[Round "10"]
[TimeControl "180+1"]
[Date "2022.06.28"]
[WhiteClock "0:00:07"]
[BlackClock "0:00:07"]

1. d4 e6 2. c4 Bb4+ 3. Bd2 a5 4. Nc3 Nf6 5. e3 O-O 6. Bd3 d5 7. Nf3 b6 8. cxd5 exd5 9. Rc1 Bb7 10. O-O Re8 11. Ne5 Nbd7 12. f4 c5 13. Qf3 Re7 14. a3 Bxc3 15. Bxc3 Ne4 16. Bxe4 dxe4 17. Qg3 cxd4 18. Bxd4 f6 19. Nc6 Bxc6 20. Rxc6 Qe8 21. Bxf6 Nxf6 22. Rxf6 Qb5 23. Rd6 Qxb2 24. f5 Rf8 25. Qh4 Ree8 26. f6 Rxf6 27. Rfxf6 gxf6 28. Rd7 Qa1+ 29. Kf2 Qb2+ 30. Kg1 Qa1+ 31. Kf2 Qb2+ 32. Kg3 Qe5+ 33. Qf4 Qe6 34. Qg4+ Qxg4+ 35. Kxg4 Rc8 36. Kf5 Rc3 37. Kxf6 h5 38. Kg6 Kf8 39. Rd6 Rxa3 40. Rxb6 Rxe3 41. Kxh5 Re2 42. g4 Rxh2+ 43. Kg6 e3 44. Re6 e2 45. g5 a4 46. Re3 a3 47. Rf3+ Ke7 48. Re3+ Kd6 49. Kf7 a2 50. g6 Rf2+ 51. Ke8 a1=Q 52. Rd3+ Ke5 53. Re3+ Kd4 54. Re7 e1=Q 55. Kd7 Qa7+ 56. Kc6 Qexe7 57. Kb5 Qed7+ 58. Kb4 Rb2# 0-1


[Site "https://www.chess.com"]

[Event "Titled Tuesday Blitz June 28 Late 2022"]
[White "Bobadilla Viera, Jorge Samuel"]
[Black "Tanenbaum, Zachary"]
[WhiteFideId "3906353"]
[BlackFideId "2060850"]
[WhiteElo "2202"]
[BlackElo "2175"]
[Result "0-1"]
[Round "10"]
[TimeControl "180+1"]
[Date "2022.06.28"]
[WhiteClock "0:00:17"]
[BlackClock "0:00:05"]

1. e4 e5 2. Nf3 Nc6 3. Bc4 Nf6 4. d3 Be7 5. O-O O-O 6. Re1 d6 7. a4 Be6 8. Nbd2 h6 9. c3 a6 10. b4 Qd7 11. h3 Rad8 12. Bxe6 fxe6 13. b5 axb5 14. axb5 Nb8 15. c4 Qe8 16. Ra7 Nbd7 17. Nb3 Rb8 18. Be3 Nh5 19. Na5 Ra8 20. Rxa8 Qxa8 21. Nb3 Qe8 22. Na5 Qa8 23. Nb3 b6 24. d4 Nhf6 25. dxe5 Nxe5 26. Nxe5 dxe5 27. f3 Rd8 28. Qc2 Qa4 29. Ra1 Qb4 30. Kf2 Nh5 31. g3 Qd6 32. Ra7 Bg5 33. Bxg5 hxg5 34. c5 bxc5 35. Qxc5 Qd1 36. Qc4 Nxg3 37. Kxg3 Qg1# 0-1


[Site "https://www.chess.com"]

[Event "Titled Tuesday Blitz June 28 Late 2022"]
[White "Bortnyk, Olexandr"]
[Black "So, Wesley"]
[WhiteFideId "14120828"]
[BlackFideId "5202213"]
[WhiteElo "2723"]
[BlackElo "2742"]
[Result "1-0"]
[Round "10"]
[TimeControl "180+1"]
[Date "2022.06.28"]
[WhiteClock "0:00:35"]
[BlackClock "0:00:50"]

1. d4 Nf6 2. Nc3 d5 3. Bf4 Bf5 4. e3 e6 5. Nf3 Bd6 6. Ne5 h6 7. Bd3 Bxd3 8. Nxd3 O-O 9. Qf3 Bxf4 10. exf4 Nc6 11. Qe3 a5 12. f3 Nb4 13. O-O-O Nxd3+ 14. cxd3 c5 15. g4 Rc8 16. Kb1 Ne8 17. f5 Qf6 18. Nb5 exf5 19. dxc5 fxg4 20. fxg4 Qc6 21. Nd4 Qd7 22. Nf5 Kh7 23. Rhf1 d4 24. Nxd4 Qxg4 25. Rg1 Qh5 26. Rdf1 Qxc5 27. Rc1 1-0


[Site "https://www.chess.com"]

[Event "Titled Tuesday Blitz June 28 Late 2022"]
[White "Carrasco Miranda, Andres"]
[Black "Przybylski, Wojciech"]
[WhiteFideId "3405990"]
[BlackFideId "1117599"]
[WhiteElo "2177"]
[BlackElo "2133"]
[Result "0-1"]
[Round "10"]
[TimeControl "180+1"]
[Date "2022.06.29"]
[WhiteClock "0:00:35"]
[BlackClock "0:01:20"]

1. d4 d5 2. c4 dxc4 3. e4 e5 4. Nf3 exd4 5. Bxc4 Bb4+ 6. Nbd2 Nc6 7. O-O Nf6 8. e5 Nd5 9. Ne4 Be7 10. Bg5 h6 11. Bxe7 Ndxe7 12. Re1 O-O 13. Qd2 Bf5 14. Rad1 Ng6 15. Ng3 Be6 16. Bxe6 fxe6 17. Nxd4 Nxd4 18. Qxd4 Qxd4 19. Rxd4 Rad8 20. Rb4 b6 21. f3 Rd5 22. Rbe4 Rfd8 23. h4 Rd2 24. h5 Ne7 25. R1e2 Rd1+ 26. Kf2 R8d3 27. R4e3 Nd5 28. Rxd3 Rxd3 29. Ne4 Nf4 30. Rc2 c5 31. b4 Rd5 32. bxc5 bxc5 33. Rxc5 Nd3+ 34. Ke3 Nxc5 0-1


[Site "https://www.chess.com"]

[Event "Titled Tuesday Blitz June 28 Late 2022"]
[White "Chen, Max"]
[Black "Plazuelo Pascual, Juan"]
[WhiteFideId "2622440"]
[BlackFideId "32059566"]
[WhiteElo "2482"]
[BlackElo "2359"]
[Result "0-1"]
[Round "10"]
[TimeControl "180+1"]
[Date "2022.06.28"]
[WhiteClock "0:00:03"]
[BlackClock "0:00:28"]

1. e4 c5 2. c3 d5 3. exd5 Qxd5 4. d4 Nc6 5. Nf3 Bf5 6. Be3 cxd4 7. Nxd4 Bd7 8. Nd2 e5 9. Nxc6 Bxc6 10. Qb3 Nf6 11. Bc4 Qd7 12. O-O-O Ba4 13. Bxf7+ Kd8 14. Qc4 b5 15. Qh4 Bxd1 16. Rxd1 Qxf7 17. Nc4+ Ke8 18. Nxe5 Qxa2 19. Bg5 Qa1+ 20. Kc2 Qa4+ 21. Qxa4 bxa4 22. Re1 Rg8 23. Ng4+ Kf7 24. Ne5+ Ke6 25. h4 Bd6 26. Nc4+ Kd5 27. Na5 Kc5 28. b4+ axb3+ 29. Nxb3+ Kb6 30. Be3+ Kc7 31. Rd1 Rgd8 32. Nd4 Kd7 33. Nf5 Ke6 34. Nxg7+ Kf7 35. Nf5 Bf8 36. Rb1 Rab8 37. Ra1 Rb7 38. Nd4 Nd5 39. Bd2 Nb4+ 40. Kc1 Nd3+ 41. Kc2 Nb4+ 42. Kc1 Nd5 43. Kc2 Bg7 44. Ne2 Nb4+ 45. Kc1 Nd3+ 46. Kc2 Rb2+ 47. Kd1 Nxf2+ 48. Ke1 Nd3+ 49. Kd1 Nf2+ 50. Ke1 Rdxd2 51. Rxa7+ Kg8 52. Nf4 Nd3+ 53. Nxd3 Rxd3 54. Ra8+ Bf8 55. g4 Rh3 0-1


[Site "https://www.chess.com"]

[Event "Titled Tuesday Blitz June 28 Late 2022"]
[White "Colivet Gamboa, Julio Cesar"]
[Black "Rizzo, Tobias"]
[WhiteFideId "3949583"]
[BlackFideId "30942691"]
[WhiteElo "1743"]
[BlackElo "2295"]
[Result "0-1"]
[Round "10"]
[TimeControl "180+1"]
[Date "2022.06.29"]
[WhiteClock "0:01:06"]
[BlackClock "0:00:16"]

1. c4 Nf6 2. Nc3 g6 3. g3 Bg7 4. Bg2 O-O 5. e4 d6 6. Nge2 c5 7. d3 Nc6 8. O-O a6 9. h3 Rb8 10. a4 Nd4 11. Be3 Nd7 12. f4 e5 13. Kh2 b6 14. f5 Nf6 15. g4 Ne8 16. g5 f6 17. fxg6 hxg6 18. gxf6 Nxf6 19. Ng3 Be6 20. Rb1 Qd7 21. Bg5 Nh7 22. Be3 Nf6 23. Qd2 Kh7 24. Nd5 Bxd5 25. cxd5 Rh8 26. b3 Kg8 27. Bg5 Rf8 28. Kg1 b5 29. axb5 axb5 30. Rf2 Rxh3 31. Bxh3 Qxh3 32. Bxf6 Qxg3+ 33. Rg2 Nf3+ 34. Kh1 Qh3+ 35. Rh2 Nxd2 36. Rxh3 Nxb1 37. Be7 Rf1+ 38. Kg2 Rc1 39. Bxd6 Nd2 40. b4 c4 41. dxc4 Rxc4 42. Kf2 Nxe4+ 43. Ke3 Nxd6 44. Rg3 Rc3+ 45. Kf2 Ne4+ 46. Kg2 Rxg3+ 0-1


[Site "https://www.chess.com"]

[Event "Titled Tuesday Blitz June 28 Late 2022"]
[White "Colpe, Malte"]
[Black "Sanchez Alarcon, Juan"]
[WhiteFideId "24623075"]
[BlackFideId "3401332"]
[WhiteElo "2328"]
[BlackElo "2164"]
[Result "0-1"]
[Round "10"]
[TimeControl "180+1"]
[Date "2022.06.29"]
[WhiteClock "0:02:33"]
[BlackClock "0:02:28"]

1. d4 Nf6 2. c4 g6 3. Nc3 Bg7 4. e4 d6 5. f4 O-O 6. Nf3 c5 7. d5 e6 8. Be2 exd5 9. cxd5 Bg4 10. O-O Re8 11. h3 Bxf3 12. Bxf3 Qa5 13. Be3 b5 14. a3 Nbd7 15. Qc2 b4 16. axb4 Qxb4 17. Ra4 Qb7 18. Rfa1 Reb8 19. R1a2 Qb3 20. e5 Qxc2 0-1


[Site "https://www.chess.com"]

[Event "Titled Tuesday Blitz June 28 Late 2022"]
[White "Corrales Jimenez, Fidel"]
[Black "Maghsoodloo, Parham"]
[WhiteFideId "3506690"]
[BlackFideId "12539929"]
[WhiteElo "2541"]
[BlackElo "2607"]
[Result "1-0"]
[Round "10"]
[TimeControl "180+1"]
[Date "2022.06.28"]
[WhiteClock "0:01:56"]
[BlackClock "0:02:26"]

1. d4 Nf6 2. c4 e6 3. Nc3 Bb4 4. e3 O-O 5. Ne2 d5 6. a3 Bd6 7. cxd5 exd5 8. Nf4 c6 9. Bd3 Bxf4 10. exf4 Re8+ 11. Be3 Ng4 12. Qf3 Nxe3 13. fxe3 Qh4+ 14. Kd2 Nd7 15. g4 Nb6 16. f5 Bd7 17. Rag1 f6 18. Rg3 Re7 19. Rh3 Qg5 20. Rh5 1-0


[Site "https://www.chess.com"]

[Event "Titled Tuesday Blitz June 28 Late 2022"]
[White "Curtis, John"]
[Black "Kapitsyn, Mark"]
[WhiteFideId "3200256"]
[BlackFideId "4116240"]
[WhiteElo "2203"]
[BlackElo "2260"]
[Result "1-0"]
[Round "10"]
[TimeControl "180+1"]
[Date "2022.06.29"]
[WhiteClock "0:00:17"]
[BlackClock "0:00:06"]

1. e4 c5 2. Nf3 e6 3. d4 cxd4 4. Nxd4 Nc6 5. Nc3 Qc7 6. Nxc6 bxc6 7. Bd3 Nf6 8. f4 h5 9. e5 Nd5 10. Nxd5 cxd5 11. O-O Bc5+ 12. Kh1 d6 13. exd6 Bxd6 14. Bb5+ Bd7 15. Bxd7+ Qxd7 16. f5 Bc7 17. fxe6 fxe6 18. Bg5 Qd6 19. Bf4 e5 20. Bxe5 Qxe5 21. Re1 O-O-O 22. Rxe5 Bxe5 23. Qe2 Rhe8 24. Qa6+ Kb8 25. Re1 h4 26. Qb5+ Kc7 27. Qc5+ Kb7 28. Rd1 h3 29. gxh3 Bc7 30. Qb5+ Bb6 31. Rxd5 Re1+ 32. Kg2 Rg1+ 33. Kf3 Rf8+ 34. Ke2 Rf2+ 35. Kd3 Rd1+ 36. Kc3 Rf3+ 37. Rd3 Rdxd3+ 38. cxd3 Rf7 39. Qd5+ Ka6 40. Qxf7 Kb5 41. Qc4+ Ka5 42. b4+ Ka4 43. Qa6+ Ba5 44. Qxa5# 1-0


[Site "https://www.chess.com"]

[Event "Titled Tuesday Blitz June 28 Late 2022"]
[White "De Souza, Cristiano Gomes"]
[Black "Ipek, Egehan"]
[WhiteFideId "2151758"]
[BlackFideId "44523793"]
[WhiteElo "2068"]
[BlackElo "1413"]
[Result "0-1"]
[Round "10"]
[TimeControl "180+1"]
[Date "2022.06.29"]
[WhiteClock "0:00:10"]
[BlackClock "0:00:04"]

1. d4 d5 2. c4 c6 3. Nf3 Nf6 4. Nc3 dxc4 5. a4 Bf5 6. Ne5 e6 7. Nxc4 Nbd7 8. f3 Nb6 9. e4 Nxc4 10. Bxc4 Bg6 11. Be3 Be7 12. O-O O-O 13. Ne2 Nd7 14. a5 c5 15. d5 Ne5 16. Ba2 exd5 17. Bxd5 Qc7 18. Nf4 Bd6 19. Qb3 Nc6 20. Bxc6 Qxc6 21. Nd5 c4 22. Qc3 f5 23. Rac1 Rac8 24. Qd4 fxe4 25. fxe4 Rfe8 26. Nc3 Bxe4 27. Rf2 Bg6 28. Rcf1 Rxe3 29. Qxe3 Bc5 30. Qg3 Bxf2+ 31. Qxf2 a6 32. Qd4 Qc5 33. Qxc5 Rxc5 34. Re1 Rxa5 35. Re7 Ra1+ 36. Kf2 Rc1 37. Rxb7 Rc2+ 38. Kg3 h5 39. Nd5 Kh7 40. Nf4 Be4 41. Nxh5 Bxb7 42. Nf4 a5 43. Kh4 a4 0-1


[Site "https://www.chess.com"]

[Event "Titled Tuesday Blitz June 28 Late 2022"]
[White "Deac, Bogdan-Daniel"]
[Black "Sadhwani, Raunak"]
[WhiteFideId "1226380"]
[BlackFideId "35093487"]
[WhiteElo "2648"]
[BlackElo "2616"]
[Result "0-1"]
[Round "10"]
[TimeControl "180+1"]
[Date "2022.06.28"]
[WhiteClock "0:00:01"]
[BlackClock "0:01:07"]

1. e4 e5 2. Nf3 Nc6 3. Bb5 Be7 4. O-O d6 5. d4 exd4 6. Nxd4 Bd7 7. Nc3 Nf6 8. Bxc6 bxc6 9. Qf3 O-O 10. e5 dxe5 11. Nxc6 Bxc6 12. Qxc6 Qd6 13. Qc4 Qc5 14. Qxc5 Bxc5 15. Bg5 Bd4 16. Bxf6 gxf6 17. Nd5 Bxb2 18. Rab1 Bd4 19. c3 Bb6 20. Nxf6+ Kg7 21. Nd5 Rad8 22. c4 Rfe8 23. Rfc1 Re6 24. Nxb6 axb6 25. c5 Rd2 26. cxb6 cxb6 27. a4 Rf6 28. Rf1 Rd4 29. Ra1 Rd5 30. Rfd1 Rc5 31. Rd2 Rf4 32. g3 Rb4 33. Kg2 Ra5 34. Rc1 Rbxa4 35. Rc6 Rb4 36. Rc7 e4 37. Re2 Re5 38. Rb7 Re6 39. Rc2 Kg6 40. h4 h5 41. Rb8 Kg7 42. Rcc8 Rb2 43. Rg8+ Kf6 44. Kf1 Rd6 45. Rbe8 Rd1+ 46. Kg2 Rdd2 47. Rxe4 Rxf2+ 48. Kg1 Rg2+ 49. Kh1 Rgf2 50. Kg1 b5 51. Rg5 Rg2+ 0-1


[Site "https://www.chess.com"]

[Event "Titled Tuesday Blitz June 28 Late 2022"]
[White "Dubov, Daniil"]
[Black "Djokic, Mihailo"]
[WhiteFideId "24126055"]
[BlackFideId "976440"]
[WhiteElo "2791"]
[BlackElo "2255"]
[Result "1-0"]
[Round "10"]
[TimeControl "180+1"]
[Date "2022.06.28"]
[WhiteClock "0:02:48"]
[BlackClock "0:02:37"]

1. e4 c5 2. Nf3 d6 3. d4 cxd4 4. Nxd4 Nf6 5. Nc3 g6 6. Bc4 Bg7 7. O-O O-O 8. Re1 Nc6 9. h3 Bd7 10. Nf3 Rc8 11. Bb3 a6 12. Bg5 b5 13. Qd2 Na5 14. Rad1 Qe8 15. e5 dxe5 16. Bxf6 1-0


[Site "https://www.chess.com"]

[Event "Titled Tuesday Blitz June 28 Late 2022"]
[White "Fajdetic, Hrvoje"]
[Black "Prydun, Andriy"]
[WhiteFideId "14501945"]
[BlackFideId "14145898"]
[WhiteElo "2172"]
[BlackElo "2063"]
[Result "0-1"]
[Round "10"]
[TimeControl "180+1"]
[Date "2022.06.29"]
[WhiteClock "0:02:03"]
[BlackClock "0:01:52"]

1. b3 Nf6 2. Bb2 g6 3. f4 Bg7 4. Nf3 O-O 5. d3 d5 6. e3 c5 7. Be2 Nc6 8. O-O d4 9. e4 e5 10. fxe5 Ng4 11. Bc1 Ne3 12. Bxe3 dxe3 13. Qc1 Nxe5 14. Qxe3 Nxf3+ 15. Qxf3 Bxa1 16. c3 Bxc3 17. Nxc3 Qd4+ 18. Kh1 Qxc3 19. h4 h5 20. Qg3 Qg7 21. e5 Bf5 22. Qe3 Rfe8 0-1


[Site "https://www.chess.com"]

[Event "Titled Tuesday Blitz June 28 Late 2022"]
[White "Fawole, John Oyeyemi"]
[Black "Clawitter, Craig"]
[WhiteFideId "8501319"]
[BlackFideId "2023105"]
[WhiteElo "2091"]
[BlackElo "2226"]
[Result "0-1"]
[Round "10"]
[TimeControl "180+1"]
[Date "2022.06.29"]
[WhiteClock "0:01:31"]
[BlackClock "0:00:20"]

1. d4 e6 2. c4 Nf6 3. Nf3 d5 4. Nbd2 c6 5. e3 Nbd7 6. Bd3 Bd6 7. O-O O-O 8. b3 b6 9. Bb2 Bb7 10. Ne5 Rc8 11. f4 c5 12. Qf3 dxc4 13. Bxh7+ Nxh7 14. Qxb7 Nxe5 15. fxe5 Bxe5 16. Nxc4 Bb8 17. dxc5 Rxc5 18. Bd4 Qh4 19. g3 Bxg3 20. hxg3 Qxg3+ 21. Qg2 Rg5 22. Qxg3 Rxg3+ 23. Kf2 Rg5 24. Rg1 Rf5+ 25. Ke2 f6 26. e4 Rh5 27. Rg2 e5 28. Bf2 Ng5 29. Rh1 Rxh1 0-1


[Site "https://www.chess.com"]